 Dungeon Crawl Stone Soup version 0.30-a0-778-g2ef04afb54 (webtiles) character file.

Game seed: 15150699120073228872

57 M4edhros the Poker (level 4, -1/31 HPs)
             Began as an Octopode Fighter on Feb 15, 2023.
             Slain by Grinder (3 damage)
             ... on level 3 of the Dungeon.
             The game lasted 00:01:16 (1896 turns).

M4edhros the Poker (Octopode Fighter)               Turns: 1896, Time: 00:01:17

Health: -1/31      AC:  1    Str: 15    XL:     4   Next: 0%
Magic:  4/4        EV: 13    Int: 10    God:
Gold:   164        SH:  4    Dex: 13    Spells: 3/3 levels left

rFire   . . .      SeeInvis .    a - +0 trident
rCold   . . .      Faith    .    b - +0 buckler
rNeg    . . .      Spirit   .    (helmet restricted)
rPois   .          Reflect  .    (no amulet)
rElec   .          Harm     .    (no ring)
rCorr   .          Rampage  .    (no ring)
Will    .....                    (no ring)
Stlth   ++                       (no ring)
HPRegen 0.25/turn                (no ring)
MPRegen 0.09/turn                (no ring)
                                 (no ring)
                                 (no ring)

@: no status effects
A: almost no armour, amphibious, 8 rings, camouflage 1, gelatinous body 1,
(nimble swimmer 1), tentacles
a: no special abilities


You were on level 3 of the Dungeon.
You visited 1 branch of the dungeon, and saw 3 of its levels.

You collected 164 gold pieces.

Inventory:

Hand Weapons
 a - a +0 trident (weapon)
Armour
 b - a +0 buckler (worn)
Scrolls
 d - a scroll of vulnerability {unknown}
 e - 2 scrolls of teleportation {unknown}
 f - 2 scrolls of identify {unknown}
 i - 3 scrolls of enchant armour {unknown}
 l - a scroll of amnesia {unknown}
 m - a scroll of blinking {unknown}
Potions
 c - a potion of might
 g - 2 potions of attraction {unknown}
 h - a potion of curing
 j - a potion of magic {unknown}
 k - a potion of resistance {unknown}


   Skills:
 - Level 3.0 Fighting
 + Level 4.1 Polearms
 - Level 3.0 Dodging
 - Level 3.0 Shields


You had 3 spell levels left.
You didn't know any spells.
Your spell library contained the following spells:

 Spells                   Type           Power      Damage    Failure   Level
 Apportation              Tloc           0%         N/A       45%         1
 Kiss of Death            Conj/Necr      0%         2d5       45%         1
 Necrotise                Necr           0%         1d4       45%         1
 Slow                     Hex            0%         N/A       45%         1
 Summon Small Mammal      Summ           0%         N/A       45%         1
 Blink                    Tloc           0%         N/A       58%         2
 Lesser Beckoning         Tloc           0%         N/A       58%         2
 Momentum Strike          Conj/Tloc      0%         3d8       58%         2
 Call Canine Familiar     Summ           0%         N/A       83%         3
 Confusing Touch          Hex            0%         N/A       83%         3
 Summon Guardian Golem    Hex/Summ       0%         N/A       83%         3
 Vampiric Draining        Necr           0%         2d6       83%         3
 Dispel Undead            Necr           0%         3d6       99%         4
 Iskenderun's Mystic Bla  Conj/Tloc      0%         2d3       99%         4


Dungeon Overview and Level Annotations

Branches:
Dungeon (3/15)

Altars:
Cheibriados

Annotations:
D:3 Grinder, Jessica


Innate Abilities, Weirdness & Mutations

You cannot wear most types of armour.
You are amphibious.
You can wear up to eight rings at the same time.
Your skin changes colour to match your surroundings (Stealth+).
Your rubbery body absorbs attacks. (AC +1, EV +1)
((You are camouflaged when in or above water. (Stealth+)))
You have tentacles for arms and can constrict up to eight enemies at once.


Message History

A hobgoblin is nearby!
A hobgoblin is nearby!
The hobgoblin shouts!
You puncture the hobgoblin!
You kill the hobgoblin!
You have reached level 4!
You see here a hobgoblin corpse.
A shadow imp comes into view.
Found a potion of curing and a scroll labelled TENGIC REJUM.
A shadow imp is nearby!
A shadow imp is nearby!
A shadow imp is nearby!
A shadow imp is nearby!
Grinder comes into view.
The shadow imp shouts!
You see here 2 fuming ruby potions.
Grinder shouts!
The shadow imp gestures at you. Pain shoots through your body!
Grinder drinks a potion.
Grinder seems to speed up.
You reach to attack!
You closely miss Grinder. Grinder hits you.
You hit Grinder. Your grab misses Grinder.
Grinder is lightly wounded.
Grinder hits you.
You writhe in agony.
The shadow imp shouts, "Give up, thou weedy fat-kidneyed swadder!"
The shadow imp hits you.
Jessica the Apprentice Sorceress comes into view.
She is wielding a +4 dagger of distortion.
Grinder hits you.
* * * LOW HITPOINT WARNING * * *
The shadow imp hits you.
* * * LOW HITPOINT WARNING * * *
Jessica moves out of view.
Okay, then.
You aren't carrying any items that you can evoke.
Okay, then.
Sorry, you're not good enough to have a special ability.
You feel better. Grinder hits you!
* * * LOW HITPOINT WARNING * * *
You writhe in agony.
You die...

#########
#......?# ##.
#.......# ...
#.......###.##
#....55..?....
#.....@...# .#
#.......!.# .#
......###!.# ..#
####.......# ...#
#..###..##...#
###
#..###.......#
###.##
#.##..#.......###
##.#.##
........##.####
....#.#
#..........#


You could see Grinder (fast) and a shadow imp.

Vanquished Creatures
  2 adders (D:3)
  A worm (D:3)
  4 ball pythons
  3 endoplasms
  3 giant cockroaches
  2 goblins
  5 hobgoblins
  2 quokkas
  4 bats
  6 kobolds
  A rat (D:1)
33 creatures vanquished.

Notes
Turn   | Place    | Note
-------+----------+-------------------------------------------
     0 | D:1      | M4edhros the Octopode Fighter began the quest for the Orb.
     0 | D:1      | Reached XP level 1. HP: 16/16 MP: 1/1
   127 | D:1      | Reached XP level 2. HP: 21/21 MP: 2/2
   224 | D:1      | Reached skill level 3 in Polearms
   248 | D:1      | Got the Octavo of Transposition
   804 | D:2      | Reached XP level 3. HP: 26/26 MP: 3/3
  1710 | D:3      | Found a snail-covered altar of Cheibriados.
  1752 | D:3      | Reached skill level 4 in Polearms
  1879 | D:3      | Reached XP level 4. HP: 31/31 MP: 4/4
  1891 | D:3      | Noticed Grinder
  1895 | D:3      | Noticed Jessica
  1896 | D:3      | Slain by Grinder

Illustrated notes

Levels and vault maps discovered:
D:1:      amcnicky_arrival_blooded_trapdoor, layout_rooms,
          minmay_small_reverse_x
D:2:      layout_basic, serial_glass, glass_columns_a, glass_columns_b
D:3:      layout_loops_cross, lemuel_crystal_altar, serial_shops, shop,
          uniq_jessica, uniq_grinder, uniq_crazy_yiuf_cottage

Skill      XL: |  1  2  3 |
---------------+----------+-----
Polearms       | 3 4 |  4.1
Fighting       | |  3.0
Dodging        | |  3.0
Shields        | |  3.0

Action                     |  1- 3 |  4- 6 || total
---------------------------+-------+-------++-------
  Melee: Trident           |    62 |     2 ||    64
         Constrict         |     9 |       ||     9
         Tentacles         |     6 |       ||     6
         Punch             |     1 |       ||     1
    Use: Potion            |     1 |     1 ||     2
   Stab: Sleeping          |     8 |       ||     8
 Armour: Skin              |     5 |       ||     5
  Dodge: Dodged            |    22 |       ||    22
  Block: Buckler           |     5 |       ||     5

Table legend: (Time is in decaauts)
 A = Elapsed time spent in this place.
 B = Non-inter-level travel time spent in this place.
 C = Inter-level travel time spent in this place.
 D = Time resting spent in this place.
 E = Time spent auto-exploring this place.
 F = Levels seen in this place.
 G = Mean time per level.
                   A        B        C        D        E       F      G
               +--------+--------+--------+--------+--------+-----+--------+
         Total |   1906 |   1852 |     54 |      0 |   1622 |   3 |  635.3 |
       Dungeon |   1906 |   1852 |     54 |      0 |   1622 |   3 |  635.3 |
               +--------+--------+--------+--------+--------+-----+--------+

Top non-repeatable levels by time:
     D:2: 978 daAuts
     D:1: 548 daAuts
     D:3: 379 daAuts
